 Dungeon Crawl Stone Soup version 0.19.5 (webtiles) character file.

6051 Kisielow the Nimble (level 10, -4/80 HPs)
             Began as a Merfolk Transmuter on May 14, 2017.
             Was a Believer of Qazlal.
             Slain by an eight-headed hydra (10 damage)
             ... on level 11 of the Dungeon.
             The game lasted 00:29:29 (12746 turns).

Kisielow the Nimble (Merfolk Transmuter)           Turns: 12746, Time: 00:29:30

Health: -4/80      AC:  2    Str:  7 (8)  XL:     10   Next: 87%
Magic:  10/13      EV: 34    Int: 17      God:    Qazlal [**....]
Gold:   390        SH:  2    Dex: 17      Spells: 3 memorised, 4 levels left

rFire  . . .     SeeInvis .       - Unarmed
rCold  . . .     Gourm    .     (armour currently unavailable)
rNeg   + . .     Faith    .     (shield currently unavailable)
rPois  x         Spirit   .     (helmet currently unavailable)
rElec  .         Reflect  .     (cloak currently unavailable)
rCorr  .         Harm     .     (gloves currently unavailable)
MR     .....     Clarity  +     (boots currently unavailable)
Stlth  +.........               (no amulet)
                                h - +3 ring of evasion
                                v - ring of positive energy

@: spider-form, very slightly contaminated
A: (change form in water), (swift swim), (stealthy swim), (molten scales 0),
clarity, clumsy 1, (deformed body), deterioration 1, weak 1, subdued magic 1
a: End Transformation, Upheaval, Renounce Religion


You were on level 11 of the Dungeon.
You worshipped Qazlal.
Qazlal was pleased with you.
You were hungry.
You were a venomous arachnid creature.
You visited 2 branches of the dungeon, and saw 12 of its levels.

You collected 390 gold pieces.

Inventory:

Missiles
 a - 136 arrows
Armour
 l - a +2 robe of magic resistance (melded)
 o - a +2 pair of boots (melded)
Jewellery
 h - a +3 ring of evasion (right front leg)
 j - an uncursed ring of flight
 v - a ring of positive energy (left front leg)
Wands
 i - a wand of slowing (38/48)
 m - a wand of lightning (12/15)
 t - a wand of slowing (15/48)
Scrolls
 b - a scroll of blinking
 e - 6 scrolls of remove curse
 f - 4 scrolls of recharging
 g - 5 scrolls of identify
 n - 3 scrolls of enchant armour
 r - 2 scrolls of teleportation
Potions
 s - a potion of magic
 u - a potion of flight {unknown}
Books
 c - a book of Changes

   Spells                             Type                      Level
   a - Beastly Appendage              Transmutation                1
   b - Sticks to Snakes               Transmutation                2
   c - Spider Form                    Transmutation/Poison         3
   d - Ice Form                       Ice/Transmutation            4
   e - Blade Hands                    Transmutation                5
Comestibles
 d - 5 bread rations
 k - 3 meat rations
 p - a chunk of flesh


   Skills:
 + Level 8.1 Fighting
 - Level 12.1 Dodging
 + Level 9.6 Unarmed Combat
 - Level 2.0 Spellcasting
 * Level 9.5 Transmutations


You had 4 spell levels left.
You knew the following spells:

 Your Spells              Type           Power        Failure   Level  Hunger
a - Beastly Appendage     Tmut           ####..       2%          1    #......
q - Spider Form           Tmut/Pois      ##........   21%         3    ###....
w - Blade Hands           Tmut           ####......   24%         5    ######.


Dungeon Overview and Level Annotations

Branches:
Dungeon (11/15)            Temple (1/1) D:6             Orc (0/2) D:9
   Lair: D:8-11

Altars:
Cheibriados
Dithmenos
Elyvilon
Fedhas
Gozag
Hepliaklqana
Kikubaaqudgha
Makhleb
Nemelex Xobeh
Okawaru
Qazlal
Ru
Sif Muna
Trog
Uskayaw
Vehumet
Xom
Yredelemnul
Zin
The Shining One

Shops:
D:10 ?

Annotations:
D:8 Mirrec's ghost, novice MiBe
D:11 1 runed door


Innate Abilities, Weirdness & Mutations

((You revert to your normal form in water.))
((You are very nimble and swift while swimming.))
((You are very stealthy in the water. (Stealth+)))
((You are partially covered in molten scales. (AC +2)))
You possess an exceptional clarity of mind.
You are clumsy. (Dex -2)
((Armour fits poorly on your strangely shaped body.))
Your body sometimes deteriorates upon taking damage.
You are weak. (Str -2)
Your spells are a little easier to cast, but a little less powerful.


Message History

The eight-headed hydra bites you.
* * * LOW HITPOINT WARNING * * *
The eight-headed hydra completely misses you.
You block the eight-headed hydra's attack.
The eight-headed hydra bites you!
* * * LOW HITPOINT WARNING * * *
The eight-headed hydra bites you.
* * * LOW HITPOINT WARNING * * *
The eight-headed hydra bites you.
* * * LOW HITPOINT WARNING * * *
Casting: Spider Form
Confirm with . or Enter, or press ? or * to list all spells.
You turn into a venomous arachnid creature.
Your +2 pair of boots melds into your body.
Your +2 robe of magic resistance melds into your body.
You feel less resistant to hostile enchantments.
The eight-headed hydra completely misses you.
The eight-headed hydra closely misses you.
The eight-headed hydra bites you!
You die...

########
.......#
######.# ##.#
#..# #####
#.## #cT.# #.#
#O#.OT.DO. #.#
#D########
#.####### #s#
#.......# #.#
#######.####.#
#.....(#
########


You could see an eight-headed hydra, a troll, a two-headed ogre and a centaur.

Vanquished Creatures
  The ghost of eggzz the Geomancer, a novice GrEE of Elyvilon (D:7)
  A troll (D:9)
  A two-headed ogre (D:10)
  A hippogriff (D:10)
  A wraith (D:11)
  5 yaks
  2 wargs (D:9)
  Edmund (D:5)
  2 ice beasts
  3 orc warriors
  2 sky beasts
  3 phantoms
  A black bear (D:7)
  A centaur (D:8)
  4 ogres
  6 bullfrogs
  Blork the orc (D:5)
  2 scorpions
  2 howler monkeys
  5 crimson imps
  A bullfrog zombie (D:11)
  7 hounds
  2 jellies
  10 orc priests
  A centaur skeleton (D:4)
  3 iguanas
  Natasha (thrice) (D:2)
  4 worker ants
  13 orc wizards
  A killer bee zombie (D:6)
  A hound skeleton (D:4)
  12 adders
  3 shadow imps
  4 worms
  2 dart slugs
  8 leopard geckos
  48 orcs
  4 bats
  5 giant cockroaches
  4 goblins
  6 hobgoblins
  10 jackals
  5 quokkas
  A ball python (D:1)
  6 frilled lizards
  7 kobolds
  A leopard gecko skeleton (D:5)
  11 rats
  A plant (D:6)
229 creatures vanquished.

Notes
Turn   | Place    | Note
-------+----------+-------------------------------------------
     0 | D:1      | Kisielow the Merfolk Transmuter began the quest for the Orb.
     0 | D:1      | Reached XP level 1. HP: 15/15 MP: 3/3
   130 | D:1      | Reached XP level 2. HP: 14/21 MP: 5/5
   814 | D:2      | Noticed Natasha
   825 | D:2      | Killed Natasha
   825 | D:2      | Reached skill level 5 in Unarmed Combat
   825 | D:2      | Reached XP level 3. HP: 11/26 MP: 6/6
  1017 | D:1      | Learned a level 3 spell: Spider Form
  1144 | D:2      | Noticed Natasha
  1163 | D:1      | Reached XP level 4. HP: 8/32 MP: 7/7
  2070 | D:2      | Found a sacrificial altar of Ru.
  2083 | D:2      | Killed Natasha
  2100 | D:2      | Noticed Natasha
  2106 | D:2      | Killed Natasha
  2106 | D:2      | Reached skill level 5 in Transmutations
  2106 | D:2      | Reached XP level 5. HP: 26/37 MP: 1/8
  2503 | D:2      | Found a hide-covered altar of Uskayaw.
  2505 | D:2      | Noticed a dagger
  2505 | D:2      | Noticed a hand axe
  3565 | D:3      | Noticed a phantom
  3605 | D:3      | Killed a phantom
  3605 | D:3      | Reached skill level 3 in Dodging
  3605 | D:3      | Reached XP level 6. HP: 31/44 MP: 6/9
  4181 | D:4      | Noticed a phantom
  4211 | D:4      | Killed a phantom
  4211 | D:4      | Reached skill level 4 in Dodging
  4211 | D:4      | Reached XP level 7. HP: 34/51 MP: 5/10
  4640 | D:4      | Reached skill level 5 in Dodging
  4864 | D:4      | Learned a level 5 spell: Blade Hands
  5225 | D:4      | Reached skill level 6 in Dodging
  5463 | D:5      | Entered Level 5 of the Dungeon
  5463 | D:5      | Noticed Blork the orc
  5476 | D:4      | Reached XP level 8. HP: 49/58 MP: 8/11
  5554 | D:4      | Gained mutation: You possess an exceptional clarity of mind. [potion of mutation]
  5554 | D:4      | Gained mutation: Armour fits poorly on your strangely shaped body. [potion of mutation]
  5554 | D:4      | Gained mutation: You are partially covered in molten scales. (AC +2) [potion of mutation]
  5799 | D:5      | Killed Blork the orc
  5825 | D:5      | Reached skill level 7 in Dodging
  5998 | D:5      | Noticed a yak
  5998 | D:5      | Noticed a yak
  6025 | D:4      | Killed a yak
  6080 | D:5      | Killed a yak
  6080 | D:5      | Reached skill level 8 in Dodging
  6317 | D:5      | Noticed Edmund
  6329 | D:5      | Killed Edmund
  6329 | D:5      | Reached skill level 5 in Fighting
  6511 | D:5      | Reached skill level 9 in Dodging
  6747 | D:5      | Noticed a yak
  6750 | D:5      | Noticed a yak
  6750 | D:5      | Noticed a yak
  6760 | D:5      | Killed a yak
  6760 | D:5      | Reached XP level 9. HP: 65/68 MP: 9/12
  6991 | D:5      | Reached skill level 10 in Dodging
  7114 | D:6      | Found a staircase to the Ecumenical Temple.
  7165 | Temple   | Entered the Ecumenical Temple
  7337 | Temple   | Became a worshipper of Qazlal Stormbringer
  7382 | D:6      | Found a deep blue altar of Sif Muna.
  7680 | D:6      | Found Afrusk's Jewellery Emporium.
  8578 | D:7      | Found a snail-covered altar of Cheibriados.
  8591 | D:7      | Reached skill level 11 in Dodging
  8727 | D:7      | Noticed eggzz's ghost (novice GrEE)
  8891 | D:7      | Killed eggzz's ghost
  9262 | D:7      | Found a deep blue altar of Sif Muna.
  9352 | D:8      | Reached XP level 10. HP: 77/77 MP: 9/13
  9417 | D:8      | Noticed Mirrec's ghost (novice MiBe)
  9861 | D:8      | Reached skill level 12 in Dodging
  9891 | D:7      | Gained mutation: Your body sometimes deteriorates upon taking damage. [mutagenic meat]
  9892 | D:7      | Gained mutation: You are clumsy. (Dex -2) [mutagenic meat]
  9893 | D:7      | Gained mutation: You are weak. (Str -2) [mutagenic meat]
  9894 | D:7      | Gained mutation: Your spells are a little easier to cast, but a little less powerful. [mutagenic meat]
 10058 | D:9      | Reached * piety under Qazlal
 10163 | D:9      | Found a staircase to the Orcish Mines.
 11800 | D:10     | Entered Level 10 of the Dungeon
 12432 | D:10     | Found Xaewu's Magic Scroll Shop.
 12637 | D:11     | Found a runed door.
 12637 | D:11     | Noticed a fire giant
 12637 | D:11     | Noticed a yaktaur captain
 12639 | D:11     | Noticed a fire giant
 12639 | D:11     | Noticed a frost giant
 12639 | D:11     | Noticed a ghost crab
 12639 | D:11     | Noticed a flayed ghost
 12639 | D:11     | Noticed an ettin
 12640 | D:11     | Noticed a moth of wrath
 12640 | D:11     | a dream sheep changed into a moth of wrath
 12723 | D:11     | Reached ** piety under Qazlal
 12730 | D:11     | Noticed an eight-headed hydra
 12744 | D:11     | HP: 1/80 [eight-headed hydra (7)]
 12746 | D:11     | Slain by an eight-headed hydra

Skill      XL: |  1  2  3  4  5  6  7  8  9 10 |
---------------+-------------------------------+-----
Unarmed Combat | 5 7 8 9 |  9.6
Transmutations | 3 5 6 7 9 |  9.5
Dodging        | 3 4 6 9 11 12 | 12.1
Fighting       | 2 3 5 6 8 |  8.1
Spellcasting   | |  2.0

Action                   |  1- 3 |  4- 6 |  7- 9 | 10-12 || total
-------------------------+-------+-------+-------+-------++-------
Melee: Unarmed           |    87 |   200 |   370 |   276 ||   933
       Headbutt          |     1 |     2 |       |       ||     3
       Punch             |       |     2 |     2 |     2 ||     6
 Cast: Beastly Appendage |     4 |     4 |       |     2 ||    10
       Spider Form       |       |    20 |    41 |    35 ||    96
Evoke: Wand              |       |       |     4 |     2 ||     6
  Use: Potion            |     3 |       |     5 |     2 ||    10
       Scroll            |       |     7 |     7 |     4 ||    18
 Stab: Sleeping          |       |     2 |     1 |       ||     3
       Distracted        |       |       |       |     1 ||     1
  Eat: Chunk             |     1 |    11 |    22 |    15 ||    49
       Beef jerky        |       |     1 |       |       ||     1
       Meat ration       |       |       |       |     1 ||     1
Armor: Robe              |    19 |    18 |     8 |     8 ||    53
       Skin              |       |     2 |    12 |     4 ||    18
Dodge: Dodged            |    49 |   146 |   292 |   299 ||   786
Block: Other             |       |       |       |    10 ||    10
